 Dungeon Crawl Stone Soup version 0.31-a0-1611-g890cdf5628 (webtiles) character file.

Game seed: 4580481639618138380

66 Xavori the Trooper (level 4, -1/35 HPs)
             Began as a Djinni Chaos Knight on Jan 8, 2024.
             Was a Plaything of Xom.
             Killed by nerve-wracking pain
             ... invoked by a shadow imp
             ... summoned by Xom
              (8 damage)
             ... on level 2 of the Dungeon.
             The game lasted 00:01:05 (2064 turns).

Xavori the Trooper (Djinni Chaos Knight)            Turns: 2064, Time: 00:01:05

Health: -1/35      AC:  5    Str: 11    XL:     4   Next: 37%
Gold:   108        EV: 12    Int: 13    God:    Xom [*.....] SH:  0 Dex: 15

rFire   + + .        a - +0 falchion (chaos)
rCold   x . .        (no shield)
rNeg    . . .        b - +2 leather armour
rPois   ∞            (no helmet)
rElec   .            (no cloak)
rCorr   .            (no gloves)
SInv    .            (boots unavailable)
Will    .....        (no amulet)
Stlth   +            (no ring)
HPRegen 0.25/turn    (no ring)
MPRegen 0.00/turn

%: infuse magic (-2 HP)
@: flying
A: sickness immunity, fire resistance 2, cold vulnerability 1, float, innate
caster, HP casting, extra vitality 1
a: Renounce Religion


You were on level 2 of the Dungeon.
You worshipped Xom.
You were a special plaything of Xom.
You visited 1 branch of the dungeon, and saw 2 of its levels.

You collected 108 gold pieces.

Inventory:

Hand Weapons
 a - a +0 falchion of chaos (weapon)
Armour
 b - a +2 leather armour (worn)
Scrolls
 c - a scroll of butterflies
 d - a scroll of identify {unknown}
 f - a scroll of fear {unknown}
 i - a scroll of torment {unknown}
 j - a scroll of teleportation {unknown}
 k - a scroll of immolation {unknown}
Potions
 e - a potion of heal wounds {unknown}
 g - 3 potions of attraction {unknown}
 h - a potion of curing {unknown}


   Skills:
 + Level 3.3 Fighting
 + Level 3.0 Long Blades
 + Level 1.6 Armour
 + Level 2.7 Dodging
 * Level 1.4 Spellcasting
 * Level 1.4 Conjurations
 * Level 1.4 Hexes
   Level 0.0 Charms
 * Level 1.4 Summonings
 * Level 1.4 Necromancy
 * Level 1.4 Translocations
   Level 0.0 Transmutations
 * Level 1.4 Fire Magic
 * Level 1.4 Ice Magic
 * Level 1.4 Air Magic
 * Level 1.4 Earth Magic
 * Level 1.4 Alchemy


You knew the following spells:

 Your Spells              Type           Power      Damage    Failure   Level
a - Sandblast             Erth           8%         2d5       21%         1
Your spell library was empty.

Dungeon Overview and Level Annotations

Branches:
Dungeon (2/15)

Altars:


Innate Abilities, Weirdness & Mutations

You are immune to sickness and miasma.
You are immune to poison.
Your flesh is very heat resistant. (rF++)
You are vulnerable to cold. (rC-)
You float through the air rather than walking.
You learn spells naturally, not from books.
Your magical power is your life essence.
You have superior vitality. (+4 MHP)


Message History

You start waiting.
You hear Xom's maniacal laughter.
There are monsters nearby!
There are monsters nearby!
The shadow imp hits you.
You fly upwards.
The ufetubus hits you but does no damage.
The ufetubus hits you. The iron imp barely misses you.
The ufetubus hits you but does no damage.
The ufetubus hits you. The iron imp closely misses you.
There is a stone staircase leading down here.
Unknown command.
The ufetubus barely misses you.
The ufetubus hits you but does no damage.
The ufetubus slips past you! The ufetubus barely misses you.
The ufetubus misses you.
You fly downwards.
The shadow imp spits at you. The shadow imp gestures at you.
You barely resist.
There is a stone staircase leading up here.
Unknown command.
The shadow imp completely misses you. The shadow imp gestures at you.
Pain shoots through your body!
The shadow imp attacks as it pursues you!
The shadow imp misses you. The shadow imp gestures at you.
Pain shoots through your body!
* * * LOW HITPOINT WARNING * * *
The shadow imp attacks as it pursues you!
The shadow imp closely misses you.
The shadow imp attacks as it pursues you!
The shadow imp barely misses you.
You see here 7 gold pieces.
The shadow imp gestures at you.
You barely resist. The shadow imp gestures at you.
Pain shoots through your body!
You die...

.......<...............
####...........##......
#..5.................
####..####......###.....
.....###.......# #.....
##......5......# #.....
.>...###$....### #.#...
J.####....##### ###..#..
#####...## #..@..#
#....###
#.<.....$......###
#..##..#
#..........#.### #. ##.#
#............ .. #.#
#........... .. ####.##
#........... . #......
........... #......
.........). #......
##.#...#### #......


You could see a shadow imp (summoned).

Vanquished Creatures
  2 adders (D:2)
  A dart slug (D:2)
  A ribbon worm (D:2)
  3 bats
  6 endoplasms
  A giant cockroach (D:2)
  3 goblins
  6 hobgoblins
  4 quokkas
  4 ball pythons
  5 frilled lizards
  2 kobolds (D:1)
  3 rats
41 creatures vanquished.

Notes
Turn   | Place    | Note
-------+----------+-------------------------------------------
     0 | D:1      | Xavori the Djinni Chaos Knight began the quest for the Orb.
     0 | D:1      | Reached XP level 1. HP: 20/20 MP: 0/0
    22 | D:1      | XOM: potion effect (brilliance)
   130 | D:1      | Reached XP level 2. HP: 23/25 MP: 0/0
   218 | D:1      | XOM: confuse monster(s)
   644 | D:1      | Reached XP level 3. HP: 30/30 MP: 0/0
   644 | D:1      | Learned a level 1 spell: Sandblast
   668 | D:1      | Reached skill level 1 in Spellcasting
   668 | D:1      | Reached skill level 1 in Conjurations
   668 | D:1      | Reached skill level 1 in Hexes
   668 | D:1      | Reached skill level 1 in Summonings
   668 | D:1      | Reached skill level 1 in Necromancy
   668 | D:1      | Reached skill level 1 in Translocations
   668 | D:1      | Reached skill level 1 in Fire Magic
   668 | D:1      | Reached skill level 1 in Ice Magic
   668 | D:1      | Reached skill level 1 in Air Magic
   668 | D:1      | Reached skill level 1 in Earth Magic
   668 | D:1      | Reached skill level 1 in Alchemy
   672 | D:1      | XOM: enchant monster (bad)
   741 | D:1      | XOM: summons 3 hostile shadow creatures
  1111 | D:1      | XOM: summons 2 hostile demons
  1112 | D:1      | Noticed an ice devil
  1115 | D:2      | XOM: 2-stop teleportation journey
  1119 | D:2      | XOM: smoke on damage
  1181 | D:2      | Reached XP level 4. HP: 35/35 MP: 0/0
  1609 | D:1      | XOM: summons 1 hostile shadow creature
  2021 | D:1      | XOM: noise
  2028 | D:1      | XOM: summons 3 hostile demons
  2052 | D:2      | XOM: summons 3 hostile demons
  2064 | D:2      | Killed from afar by a shadow imp

Illustrated notes

Levels and vault maps discovered:
D:1:      onia_arrival_mini_maze, layout_basic, kennysheep_decorative_pillar,
          st_stairs_3, grunt_decor_resistance
D:2:      layout_rooms, minmay_octomino_c4, uniq_terence

Skill      XL: |  1  2  3 |
---------------+----------+-----
Spellcasting   | 1 |  1.4
Conjurations   | 1 |  1.4
Hexes          | 1 |  1.4
Summonings     | 1 |  1.4
Necromancy     | 1 |  1.4
Translocations | 1 |  1.4
Fire Magic     | 1 |  1.4
Ice Magic      | 1 |  1.4
Air Magic      | 1 |  1.4
Earth Magic    | 1 |  1.4
Alchemy        | 1 |  1.4
Long Blades    | 3 |  3.0
Fighting       | |  3.3
Armour         | |  1.6
Dodging        | |  2.7

Action                     |  1- 3 |  4- 6 || total
---------------------------+-------+-------++-------
  Melee: Falchion          |   102 |    18 ||   120
   Stab: Confused          |     1 |       ||     1
 Armour: Leather armour    |    55 |    17 ||    72
  Dodge: Dodged            |    89 |    20 ||   109

Table legend: (Time is in decaauts)
 A = Elapsed time spent in this place.
 B = Non-inter-level travel time spent in this place.
 C = Inter-level travel time spent in this place.
 D = Time resting spent in this place.
 E = Time spent auto-exploring this place.
 F = Levels seen in this place.
 G = Mean time per level.
                   A        B        C        D        E       F      G
               +--------+--------+--------+--------+--------+-----+--------+
         Total |   2087 |   1998 |     89 |    971 |    740 |   2 | 1043.5 |
       Dungeon |   2087 |   1998 |     89 |    971 |    740 |   2 | 1043.5 |
               +--------+--------+--------+--------+--------+-----+--------+

Top non-repeatable levels by time:
     D:1: 1562 daAuts
     D:2: 524 daAuts
